 Dungeon Crawl Stone Soup version 0.31.0-11-ge490571c62 (webtiles) character file.

Game seed: 14583651107582385939

133 Gadfly the Insei (level 4, -2/35 HPs)
             Began as a Demonspawn Monk on Feb 3, 2024.
             Slain by an iguana (12 damage)
             ... on level 3 of the Dungeon.
             The game lasted 00:02:52 (2823 turns).

Gadfly the Insei (Demonspawn Monk)                  Turns: 2823, Time: 00:02:53

Health: -2/35      AC:  3    Str: 13    XL:     4   Next: 93%
Magic:  4/4        EV: 13    Int: 10    God:
Gold:   120        SH:  0    Dex: 16    Spells: 3/3 levels left

rFire   . .          .
                       - Unarmed
rCold   . . .        c - orb {light}
rNeg    . . .        a - +1 robe
rPois   .            (helmet restricted)
rElec   .            (no cloak)
rCorr   .            (no gloves)
SInv    .            (no boots)
Will    .....        (no amulet)
Stlth   +            (no ring)
HPRegen 0.25/turn    (no ring)
MPRegen 0.09/turn

%: no passive effects
@: glowing
A: horns 1, weakness stinger 1
a: no special abilities


You were on level 3 of the Dungeon.
You visited 1 branch of the dungeon, and saw 3 of its levels.

You collected 120 gold pieces.

Inventory:

Hand Weapons
 i - a +0 whip of freezing
Armour
 a - a +1 robe (worn)
 c - an orb of light (worn)
Jewellery
 l - a ring of see invisible
Talismans
 j - a maw talisman
Scrolls
 f - a scroll of revelation
 g - a scroll of fog
Potions
 b - 2 potions of ambrosia
 d - 2 potions of curing
 e - a potion of resistance
 h - a potion of enlightenment {unknown}


   Skills:
 - Level 3.0 Fighting
 + Level 3.1 Dodging
 * Level 3.5 Unarmed Combat
 * Level 2.2 Evocations
 * Level 1.8 Shapeshifting


You had 3 spell levels left.
You didn't know any spells.
Your spell library contained the following spells:

 Spells                   Type           Power      Damage    Failure   Level
 Apportation              Tloc           0%         N/A       36%         1
 Sandblast                Erth           0%         2d4       36%         1
 Blink                    Tloc           0%         N/A       50%         2
 Jinxbite                 Hex            0%         N/A       50%         2
 Lesser Beckoning         Tloc           0%         N/A       50%         2
 Momentum Strike          Conj/Tloc      0%         3d8       50%         2
 Passwall                 Erth           0%         N/A       75%         3
 Stone Arrow              Conj/Erth      0%         3d7       75%         3
 Brom's Barrelling Bould  Conj/Erth      0%         2d3       98%         4
 Alistair's Intoxication  Alch           0%         N/A       100%        5


Dungeon Overview and Level Annotations

Branches:
Dungeon (3/15)

Altars:
Nemelex Xobeh


Innate Abilities, Weirdness & Mutations

You have a pair of small horns on your head.
You have a small tail.


Message History

Moving in this stuff is going to be slow.
You enter the shallow water.
Moving in this stuff is going to be slow.
There is a stone staircase leading up here.
There is an open door here.
You enter the shallow water.
Moving in this stuff is going to be slow.
There is a stone staircase leading up here.
You enter the shallow water.
Moving in this stuff is going to be slow.
An iguana comes into view.
The iguana hisses angrily.
An iguana is nearby!
An iguana is nearby!
The iguana closely misses you.
You hit the iguana.
The iguana is lightly wounded.
The iguana bites you.
You hit the iguana but do no damage.
The iguana is lightly wounded.
The iguana barely misses you.
You hit the iguana but do no damage.
The iguana is lightly wounded.
The iguana misses you.
You hit the iguana.
The iguana is lightly wounded.
The iguana bites you!
You hit the iguana.
The iguana is heavily wounded.
The iguana bites you!
* * * LOW HITPOINT WARNING * * *
You are too injured to fight recklessly!
You are too injured to fight recklessly!
You are too injured to fight recklessly!
An iguana is nearby!
Unknown command.
You hit the iguana.
The iguana is heavily wounded.
The iguana bites you!
You die...

#...~~~♣≈≈~.~#.#
#.#.P~≈♣♣♣PP.#.#
#. ..~ ~~P~.#.#
~~PP~ #.#


~PPP #.# #.# #.# #.# #@# #l# #.# #.# ..# #.# ### You could see an iguana.

Vanquished Creatures
  An orc wizard (D:3)
  4 adders
  2 dart slugs
  4 orcs
  3 ball pythons
  2 endoplasms (D:3)
  3 giant cockroaches (D:1)
  6 goblins
  5 hobgoblins
  3 jackals (D:1)
  4 kobolds
  5 quokkas
  6 bats
  7 frilled lizards
  4 rats
59 creatures vanquished.

Notes
Turn   | Place    | Note
-------+----------+-------------------------------------------
     0 | D:1      | Gadfly the Demonspawn Monk began the quest for the Orb.
     0 | D:1      | Reached XP level 1. HP: 18/18 MP: 1/1
   127 | D:1      | Discovered your monstrous ancestry.
   127 | D:1      | Gained mutation: You have a small tail. [demonic ancestry]
   127 | D:1      | Reached XP level 2. HP: 9/24 MP: 2/2
   329 | D:1      | Reached skill level 1 in Evocations
   468 | D:1      | Gained mutation: You have a pair of small horns on your
                  | head. [demonic ancestry]
   468 | D:1      | Reached XP level 3. HP: 16/29 MP: 3/3
   553 | D:1      | Reached skill level 1 in Shapeshifting
  1687 | D:2      | Found a faded altar of an unknown god.
  2013 | D:3      | Reached XP level 4. HP: 27/35 MP: 4/4
  2543 | D:3      | Found a sparkling altar of Nemelex Xobeh.
  2823 | D:3      | Slain by an iguana

Illustrated notes

Levels and vault maps discovered:
D:1:      enne_arrival_octagon_isle, layout_basic, serial_bayou,
          serial_bayou_pond_b, serial_bayou_pond_a, serial_bayou_shore_b,
          serial_bayou_shore_b
D:2:      layout_basic, dreamdust_ecumenical_altar_statues
D:3:      layout_basic, nemelex_diamond_rough_becter, serial_bayou,
          serial_bayou_lagoon_a, serial_bayou_pond_a, serial_bayou_pond_b,
          serial_bayou_crossing

Skill      XL: |  1  2  3  4 |
---------------+-------------+-----
Evocations     | 1 2 |  2.2
Unarmed Combat | 3 |  3.5
Shapeshifting  | 1 |  1.8
Dodging        | 3 |  3.1
Fighting       | |  3.0

Action                     |  1- 3 |  4- 6 || total
---------------------------+-------+-------++-------
  Melee: Unarmed           |   124 |    34 ||   158
         Tailslap          |    11 |     5 ||    16
         Headbutt          |    12 |    10 ||    22
    Use: Scroll            |     7 |     1 ||     8
 Armour: Robe              |    69 |    14 ||    83
  Dodge: Dodged            |   107 |    24 ||   131
